 Adventure DCSS version bcrawl-1.19.1 (webtiles) character file.

Game seed: 18316228779372122222

256 Leeroy the Carver (level 5, -1/32 HPs)
             Began as a Skeleton Reaver on Nov 18, 2019.
             Was a Priest of Vehumet.
             Slain by a mummy (3 damage)
             ... in an ossuary on Nov 21, 2019.
             The game lasted 00:07:01 (3587 turns).

Leeroy the Carver (Skeleton Reaver)                 Turns: 3587, Time: 00:07:02

Health: -1/32      AC:  5    Str: 17      XL:     5   Next: 92%
Magic:  0/9        EV: 12    Int: 12 (13) God:    Vehumet [***...]
Gold:   271        SH:  1    Dex:  8 (9)  Spells: 3/10 levels left
                                        Lives:  0   Deaths: 2

rFire    . . .     SeeInvis .   a - +0 long sword
rCold    + . .     Gourm    .   (no shield)
rNeg     + + +     Faith    .   b - +0 steam dragon scales
rPois    ∞         Spirit   +   (no helmet)
rElec    .         Reflect  .   (no cloak)
rCorr    .         Harm     .   (no gloves)
MR       .....                  (no boots)
Stlth    +.........             (no amulet)
HPRegen  0.10/turn              (no ring)
MPRegen  0.11/turn              (no ring)

@: marked
A: no food or potions, cold resistance 1, deterioration 1, negative energy
resistance 3, powered by death 1, torment resistance, unbreathing, magic shield,
sturdy frame 1, spell healing
a: Renounce Religion


You were in an ossuary.
You worshipped Vehumet.
Vehumet was most pleased with you.
You were not hungry.

You visited 1 branch of the dungeon, and saw 4 of its levels.
You also visited: Ossuary.

You collected 271 gold pieces.

Inventory:

Hand Weapons
 a - a +0 long sword (weapon)
 n - a +3 spear
 o - a +1 flail of protection
 q - a +0 hand crossbow
Missiles
 j - 160 poisoned needles
 l - 63 curare-tipped needles
Armour
 b - +0 steam dragon scales (worn)
 h - a +0 helmet
 p - a +0 pair of boots
Jewellery
 i - an uncursed ring of protection from fire {unknown}
Scrolls
 c - a scroll of immolation
 d - 3 scrolls of teleportation {unknown}
 e - 3 scrolls of enchant weapon {unknown}
 f - a scroll of fear {unknown}
 g - 7 scrolls of identify {unknown}
 k - 4 scrolls of enchant armour {unknown}
 m - a scroll of remove curse {unknown}
 r - a scroll of blinking {unknown}
 s - a scroll of amnesia {unknown}


   Skills:
 - Level 3.0 Fighting
 + Level 9.8 Long Blades
 - Level 3.0 Dodging
 - Level 3.0 Spellcasting


You had 3 spell levels left.
You knew the following spells:

 Your Spells              Type           Power        Failure   Level  Hunger
a - Flame Tongue          Conj/Fire      #....        7%          1    N/A
b - Dazzling Spray        Conj/Hex       #.....       19%         3    N/A
c - Confuse               Hex            #.......     58%         3    N/A

Your spell library contained the following spells:

 Spells                   Type           Power        Failure   Level  Hunger
 Searing Ray              Conj           #.....       11%         2    N/A
 Yara's Violent Unravell  Hex/Tmut       #.........   52%         4    N/A
 Iskenderun's Battlesphe  Conj/Chrm      #.......     83%         5    N/A
 Petrify                  Tmut/Erth      #.......     94%         4    N/A
 Metabolic Englaciation   Hex/Ice        #.........   100%        5    N/A
 Mana Rupture             Conj/Hex       #.........   100%        7    N/A

Dungeon Overview and Level Annotations

Branches:
Dungeon (4/12)             Temple (0/1) D:4

Altars:
Cheibriados
Nemelex Xobeh
Uskayaw

Shops:
D:4 [


Innate Abilities, Weirdness & Mutations

You do not eat or drink.
You are immune to poison.
Your flesh is cold resistant. (rC+)
Your body sometimes deteriorates upon taking damage.
You are immune to negative energy. (rN+++)
You regenerate a little health from kills.
You are immune to unholy pain and torment.
You can survive without breathing.
When hurt, damage is shared between your health and your magic reserves.
Your movements are slightly less encumbered by armour. (ER -2)
Casting spells heals you.


Message History

The goblin zombie misses you.
You hit the elf zombie but do no damage.
The elf zombie is heavily damaged.
The elf zombie hits you!
* * * LOW HITPOINT WARNING * * *
You slash the elf zombie!
The elf zombie is severely damaged.
The goblin zombie hits you.
* * * LOW HITPOINT WARNING * * *
The mummy closely misses you. The mummy barely misses you.
The elf zombie closely misses you.
You slash the elf zombie!
The elf zombie is severely damaged.
The goblin zombie misses you.
You slash the elf zombie!
The elf zombie is almost destroyed.
The mummy hits you!
* * * LOW HITPOINT WARNING * * *
The mummy hits you.
You die...

#....................#
#....................#
#........8..8........#
#....................#
#...######..######...#
#...# #.^# #...# #...#
#.^# #...#
#...#.####.^####.#...#
#...#..@MZ.......#...#
#...#.ZZMZ..####.#...#
#...#..ZZ...# #...#
#...#.......# #...#
#...#.....∩.# #...#
#...####+..... #...#
#...# #...### #...#
#...# #...# #...#
#...##############...#


You could see 2 mummies, a goblin zombie, 3 hobgoblin zombies, a kobold zombie
and an elf zombie.

Vanquished Creatures
  A sky beast (D:3)
  An ogre (D:4)
  A scorpion (D:4)
  A human zombie (Ossuary)
  A centaur skeleton (D:4)
  A hound (D:3)
  A gnoll shaman (D:4)
  A worker ant (D:4)
  4 gnolls
  4 adders
  3 oozes
  3 worms
  3 dart slugs (D:2)
  4 orcs
  4 ball pythons
  A giant cockroach (D:2)
  6 goblins
  12 hobgoblins
  8 jackals
  2 quokkas
  5 bats
  2 frilled lizards
  2 goblin zombies (Ossuary)
  6 hobgoblin zombies (Ossuary)
  5 kobolds
  4 kobold zombies (Ossuary)
  11 orc zombies (Ossuary)
  9 rats
  A rat zombie (Ossuary)
107 creatures vanquished.

Notes
Turn   | Place    | Note
-------+----------+-------------------------------------------
     0 | D:1      | Leeroy the Skeleton Reaver began the quest for the Orb.
     0 | D:1      | Reached XP level 1. HP: 14/14 MP: 4/4
    31 | D:1      | Reached skill level 4 in Long Blades
    32 | D:1      | Reached XP level 2. HP: 14/19 MP: 6/6
   164 | D:1      | Reached skill level 5 in Long Blades
   281 | D:1      | Reached * piety under Vehumet
   281 | D:1      | Offered knowledge of Flame Tongue by Vehumet.
   281 | D:1      | Reached XP level 3. HP: 23/23 MP: 7/7
   284 | D:1      | Learned a level 1 spell: Flame Tongue
  1153 | D:2      | Learned a level 3 spell: Dazzling Spray
  1157 | D:2      | Learned a level 3 spell: Confuse
  1298 | D:2      | Found a faded altar of an unknown god.
  1477 | D:2      | Reached XP level 4. HP: 20/28 MP: 5/8
  1553 | D:2      | Reached skill level 6 in Long Blades
  1661 | D:2      | Found a hide-covered altar of Uskayaw.
  1727 | D:2      | Reached ** piety under Vehumet
  1727 | D:2      | Offered knowledge of Freeze by Vehumet.
  1764 | D:2      | Found a snail-covered altar of Cheibriados.
  1945 | D:3      | Noticed a sky beast
  1962 | D:3      | Killed a sky beast
  1962 | D:3      | Reached skill level 7 in Long Blades
  1962 | D:3      | Reached XP level 5. HP: 17/32 MP: 1/9
  2150 | D:3      | Found a sparkling altar of Nemelex Xobeh.
  2793 | D:4      | Reached skill level 8 in Long Blades
  2838 | D:4      | Found Tearos's Armour Shop.
  2849 | D:4      | Gained mutation: You regenerate a little health from kills.
                  | [Skeleton growth]
  2849 | D:4      | Reached XP level 6. HP: 29/37 MP: 8/10
  2973 | D:3      | Upgraded the game from bcrawl-1.19-7-g22fd707d3b to
                  | bcrawl-1.19.1
  2986 | D:3      | Reached skill level 9 in Long Blades
  2993 | D:4      | HP: 1/37 [orc/+2 hand axe of electrocution (13)]
  2994 | D:4      | Mangled by a gnoll
  2995 | D:4      | Reached XP level 5. HP: -6/32 MP: 0/9
  3099 | D:4      | Noticed an ogre
  3103 | D:4      | Slain by an ogre
  3104 | D:4      | Reached XP level 4. HP: -2/28 MP: 0/8
  3120 | D:4      | Found a sand-covered staircase.
  3126 | D:4      | Found a staircase to the Ecumenical Temple.
  3193 | D:4      | Killed an ogre
  3193 | D:4      | Reached XP level 5. HP: 15/32 MP: 7/9
  3401 | Ossuary  | Entered an ossuary
  3430 | Ossuary  | Offered knowledge of Searing Ray by Vehumet.
  3488 | Ossuary  | Reached *** piety under Vehumet
  3587 | Ossuary  | Slain by a mummy

Skill      XL: |  1  2  3  4  5  6 |
---------------+-------------------+-----
Long Blades    | 4 5 7 8 9 |  9.8
Fighting       | |  3.0
Dodging        | |  3.0
Spellcasting   | |  3.0

Action                   |  1- 3 |  4- 6 || total
-------------------------+-------+-------++-------
Melee: Long sword        |   122 |   328 ||   450
 Cast: Flame Tongue      |       |     4 ||     4
Armor: Steam dragon scal |    35 |    94 ||   129
Dodge: Dodged            |    78 |   205 ||   283
Block: Other             |     2 |    10 ||    12
